Map: Rainfall LE

Players

Nydhog

  • Race: Zerg Zerg
  • League: Master
  • Spawn Location: 5:00

RipNHammer - Winner!

  • Race: Terran Terran
  • League: Master
  • Spawn Location: 11:00

VOD

Have the link to the VOD?

Description

Time

  • Played on: Sept. 8, 2026, 7:16 p.m.
  • Length: 10:12
Show
View Real Time Build Order
Export as new Build Order

Nydhog Zerg 

Build Orders: Pool First 

Get SALT Encoding   

  8  0:00  Drone  
  9  0:10  Drone  
  10  0:33  Spawning Pool  
  9  0:39  Drone  
  10  0:44  Drone  
  11  0:50  Drone  
  12  1:00  Overlord  
  12  1:20  Zergling x6  
  15  1:30  Zergling x2  
  16  1:45  Hatchery  
  15  1:49  Drone  
  15  1:53  Drone  
  17  2:10  Queen  
  17  2:14  Drone  
  20  2:26  Overlord  
  20  2:49  Queen  
  21  2:51  Drone  
  21  2:52  Drone x2  
  24  3:12  Hatchery  
  22  3:13  Drone  
  23  3:27  Drone x3  
  23  3:28  Drone  
  27  3:34  Extractor  
  27  3:35  Drone  
  27  3:36  Drone x2  
  29  3:44  Drone  
  30  3:48  Drone x2  
  30  3:54  Overlord  
  32  4:15  Drone x6  
  32  4:16  Queen  
  40  4:22  Overlord  
  40  4:24  Overlord  
  40  4:32  Queen  
  40  4:35  Drone  
  43  4:40  Metabolic Boost  
  43  4:45  Queen  
  43  4:49  Zergling x4  
  43  4:51  Zergling x2  
  43  4:52  Zergling x2  
  49  5:05  Zergling x2  
  49  5:06  Zergling x4  
  52  5:07  Zergling x2  
  52  5:08  Zergling x2  
  52  5:09  Drone x4  
  58  5:28  Lair, Overlord x2  
  58  5:29  Overlord x2  
  58  5:46  Overlord x2  
  58  5:48  Drone x6  
  64  6:01  Overlord x3  
  54  6:29  Overlord x4  
  54  6:36  Roach Warren, Drone  
  54  6:37  Drone x7  
  54  6:38  Extractor x2, Evolution Chamber  
  58  6:40  Hatchery  
  58  6:45  Zergling x4  
  59  6:53  Zergling x2  
  59  6:54  Zergling x4  
  61  6:56  Spore Crawler  
  61  6:58  Spore Crawler  
  61  7:00  Spore Crawler  
  61  7:01  Drone x3  
  61  7:09  Extractor  
  61  7:10  Drone x3  
  61  7:12  Infestation Pit, Drone x3  
  65  7:19  Zerg Missile Weapons Level 1  
  65  7:25  Roach x3  
  71  7:33  Roach  
  71  7:34  Roach x4  
  81  7:37  Drone x2  
  81  7:40  Drone x2, Extractor  
  81  7:41  Drone x4  
  86  7:50  Overseer  
  82  7:57  Drone x3  
  82  7:58  Drone x3  
  85  7:59  Drone x2  
  87  8:06  Hive  
  85  8:15  Drone x2  
  85  8:16  Drone x4  
  85  8:17  Drone x3  
  87  8:35  Overseer  
  87  8:36  Drone x13  
  87  8:40  Glial Reconstitution  
  100  8:49  Drone x3  
  100  8:50  Overlord x3  
  104  8:55  Drone  
  104  8:56  Drone x3  
  106  9:08  Spire  
  105  9:13  Roach x11  
  122  9:24  Zergling x18  
  126  9:36  Roach x3  
  126  9:37  Roach x4  
  140  9:49  Zergling x12  
Show
View Real Time Build Order
Export as new Build Order

RipNHammer Terran - Winner!

Build Orders: Reaper Expand, Mech 

Get SALT Encoding   

  8  0:00  SCV  
  9  0:12  SCV  
  10  0:25  SCV  
  11  0:37  SCV  
  11  0:39  Supply Depot  
  12  0:49  SCV  
  13  0:56  Refinery  
  13  1:01  SCV  
  14  1:06  Barracks  
  14  1:13  SCV  
  15  1:25  SCV  
  16  1:37  SCV  
  17  1:53  Orbital Command, Reaper  
  18  2:05  Supply Depot  
  18  2:17  Command Center  
  18  2:21  SCV  
  18  2:27  Marine  
  19  2:36  SCV  
  20  2:48  SCV  
  21  2:58  Factory, Barracks Reactor  
  21  3:01  SCV  
  21  3:02  Refinery  
  22  3:13  SCV  
  23  3:25  SCV  
  24  3:32  Orbital Command  
  24  3:37  SCV  
  25  3:43  Starport  
  25  3:50  SCV  
  26  3:55  Orbital Command  
  26  3:56  Hellion x2  
  30  4:10  SCV  
  31  4:18  Hellion x2  
  31  4:21  Viking  
  31  4:22  Barracks Tech Lab  
  31  4:23  SCV  
  38  4:29  SCV, Supply Depot  
  39  4:32  Command Center  
  39  4:35  SCV  
  39  4:38  Supply Depot  
  40  4:43  Hellion  
  42  4:51  SCV, Hellion  
  46  5:00  SCV  
  46  5:03  SCV  
  46  5:04  Supply Depot  
  46  5:06  Refinery  
  47  5:11  Banshee, Cloaking Field  
  50  5:16  SCV x2  
  50  5:19  Hellion x2  
  56  5:21  Refinery  
  56  5:28  SCV  
  56  5:29  SCV  
  58  5:40  Factory  
  58  5:41  SCV x2, Factory  
  60  5:45  Supply Depot  
  60  5:56  Banshee  
  63  6:00  Hellion x2  
  63  6:22  Hellion x2  
  63  6:26  Factory Tech Lab  
  61  6:34  SCV x2  
  63  6:44  Barracks  
  63  6:46  SCV x2  
  65  6:49  Supply Depot  
  65  7:00  Factory Tech Lab  
  65  7:04  Mag-Field Accelerator  
  65  7:05  Cyclone, Factory, Hellion x2  
  65  7:06  SCV  
  65  7:07  SCV  
  65  7:08  Orbital Command  
  74  7:19  Cyclone  
  77  7:25  SCV x2  
  77  7:28  Supply Depot  
  79  7:35  SCV  
  80  7:37  SCV, Hellion x2  
  80  7:38  Cyclone  
  88  7:49  Hellion  
  90  7:51  Siege Tank  
  93  8:00  Infernal Pre-Igniter  
  93  8:04  Hellion x2, SCV x3  
  100  8:10  Cyclone  
  100  8:11  Siege Tank  
  96  8:23  Cyclone  
  96  8:25  Hellion  
  96  8:26  Hellion  
  103  8:40  Supply Depot  
  103  8:42  Supply Depot  
  103  8:43  Supply Depot  
  103  8:46  SCV x3, Siege Tank, Hellion  
  111  9:02  Siege Tank, Cyclone, Hellion  
  119  9:08  Hellion  
  121  9:18  Siege Tank  
  119  9:34  Siege Tank, Cyclone  
  119  9:36  Hellion x2  
Tags
 
Composition
Mech
Matchup
TvZ
Replay Pack
RipNHammer
Spawn Locations
Cross Positions
Add a new tag
Caveats
  • Supply blocks, unpowered buildings, or Contaminate may cause inaccurate times.
  • Supply counts are checked every 10 seconds.